 Dungeon Crawl Stone Soup version 0.31-a0-182-gc5ef74bbde (webtiles) character file.

Game seed: 12019388730666941317

166 Midn8 the Caller (level 5, 24/24 HPs)
             Began as a Felid Summoner on June 22, 2023.
             Quit the game on level 5 of the Dungeon.
             The game lasted 00:22:42 (5461 turns).

Midn8 the Caller (Felid Summoner)                   Turns: 5461, Time: 00:22:43

Health: 24/24      AC:  2    Str:  4    XL:     5   Next: 22%
Magic:  12/12      EV: 17    Int: 18    God:
Gold:   136        SH:  0    Dex: 17    Spells: 6/12 levels left
                                        Lives:  0   Deaths: 2

rFire   . . .        (weapon unavailable)
rCold   . . .        (shield unavailable)
rNeg    . . .        (body armour unavailable)
rPois   .            (helmet unavailable)
rElec   .            (cloak unavailable)
rCorr   .            (gloves unavailable)
SInv    +            (boots unavailable)
Will    .....        (no amulet)
Stlth   ++           (no ring)
HPRegen 0.24/turn    (no ring)
MPRegen 0.13/turn

%: no passive effects
@: quick
A: very small, claws 1, fangs 3, see invisible, speed 1, shaggy fur 2, stealthy
paws, no weapons or thrown items, no armour, multi-lived
a: no special abilities


You were on level 5 of the Dungeon.
You visited 1 branch of the dungeon, and saw 5 of its levels.
You also visited: Ossuary.

You collected 185 gold pieces.
You spent 49 gold pieces at shops.

Inventory:

Jewellery
 f - an amulet of reflection
Scrolls
 c - 6 scrolls of teleportation
 h - 2 scrolls of revelation
 j - a scroll of noise
 o - a scroll of acquirement
Potions
 a - 2 potions of magic
 b - 2 potions of cancellation {unknown}
 d - 3 potions of enlightenment
 e - a potion of mutation {unknown}
 g - 4 potions of curing {unknown}
 i - a potion of berserk rage {unknown}
 k - 3 potions of might {unknown}
 l - a potion of ambrosia {unknown}
 m - a potion of degeneration {unknown}


   Skills:
 + Level 3.3 Fighting
 - Level 2.6 Dodging
 - Level 2.6 Stealth
 - Level 4.0 Spellcasting
 - Level 7.0 Summonings


You had 6 spell levels left.
You knew the following spells:

 Your Spells              Type           Power      Damage    Failure   Level
a - Summon Small Mammal   Summ           100%       N/A       1%          1
b - Call Imp              Summ           56%        N/A       1%          2
c - Call Canine Familiar  Summ           28%        N/A       2%          3

Your spell library contained the following spells:

 Spells                   Type           Power      Damage    Failure   Level
 Summon Guardian Golem    Hex/Summ       16%        N/A       11%         3
 Sting                    Tmut/Pois      12%        1d3       14%         1
 Poisonous Vapours        Pois/Air       6%         N/A       22%         2
 Summon Lightning Spire   Summ/Air       16%        N/A       34%         4
 Olgreb's Toxic Radiance  Pois           3%         N/A       82%         4


Dungeon Overview and Level Annotations

Branches:
Dungeon (5/15)            Ossuary (visited)
 Temple: D:4-7

Altars:

Shops:
D:3 *   D:5 :

Annotations:
D:3 1 runed translucent door, Palms's ghost, weakling DEFE


Innate Abilities, Weirdness & Mutations

You have sharp claws.
You have razor-sharp teeth.
You have supernaturally acute eyesight. (SInv)
You cover ground quickly. (Speed+)
You are covered in thick fur. (AC +2)
Your paws help you pounce on unaware monsters.
You are incapable of wielding weapons or throwing items.
You cannot wear armour.
You gain extra lives every three experience levels.


Message History

t - Meow!
Orders for allies: a - Attack new target. r - Retreat! s - Stop attacking. g - Guard the area. f - Follow me.
Anything else - Cancel.
Gang up on whom?
Press: ? - help, Dir - move target, f - orc wizard
Aim: an orc wizard, wielding a +0 dagger and wearing a +0 robe (moderately wounded, ally target) Attack!
The orc wizard points at you and mumbles some strange words.
The magic dart hits you!
* * * LOW HITPOINT WARNING * * *
The orc closely misses your quokka.
Your hound barely misses the orc wizard.
Your hound barely misses the orc wizard.
Your cerulean imp barely misses the orc wizard.
The orc closely misses your quokka.
Your hound bites the orc wizard but does no damage.
Your quokka barely misses the orc.
Your cerulean imp barely misses the orc.
The orc wizard mumbles some strange words.
The orc wizard flickers and vanishes for a moment.
Your hound bites the orc wizard.
Your hound barely misses the orc wizard.
Your hound closely misses the orc.
Found a scroll labelled RINIOL DUCVO.
Your hound bites the orc.
The orc dies!
Found a stone staircase leading down.
Your cerulean imp barely misses the orc wizard.
The orc wizard casts a spell at you. The puff of flame hits you!
You die...
Your hound bites the orc wizard.
You are now level 5!
You rejoin the land of the living...
Found a scroll of identify.
Found Butsut's Book Emporium.
Found an escape hatch in the ceiling.
Unknown command.
Unknown command.
Are you sure you want to abandon this character and quit the game? (Confirm with "yes".)

.....##..# #..............
.......#..#.##.# #..g.<.c#
.....#.. 8.∩< .. ##.....##
.....##................>..
.....#
####8..#.###########
.....# ............###
.##### ....?.......... ##
............#
.......@....#
............#
#############


There were no monsters in sight!

Vanquished Creatures
  Natasha (D:3)
  An endoplasm (D:4)
  A jackal (D:4)
  A ball python (D:4)
  3 bats
  A goblin zombie (D:4)
  3 rats
11 creatures vanquished.

Vanquished Creatures (collateral kills)
  An elf zombie (Ossuary)
  A centaur zombie (Ossuary)
  2 human zombies (Ossuary)
  An orc priest (D:3)
  A hound (D:5)
  Jessica (D:3)
  An iguana (D:4)
  2 orc wizards (D:3)
  Natasha (twice) (D:3)
  2 mummies (Ossuary)
  2 gnolls (D:4)
  2 adders (D:3)
  A white imp (D:5)
  An ufetubus (D:4)
  2 adder zombies (Ossuary)
  2 worms (D:3)
  10 orcs
  7 ball pythons
  2 endoplasms
  2 giant cockroaches (D:4)
  2 goblins (D:1)
  5 hobgoblins
  A jackal (D:4)
  2 quokkas
  5 bats
  5 frilled lizards
  A goblin zombie (Ossuary)
  8 hobgoblin zombies (Ossuary)
  A jackal zombie (Ossuary)
  9 kobolds
  12 kobold zombies (Ossuary)
  6 orc zombies (Ossuary)
  A quokka zombie (D:4)
  19 rats
  3 rat zombies (Ossuary)
125 creatures vanquished.

Vanquished Creatures (others)
  An orc wizard (D:3)
1 creature vanquished.

Grand Total: 137 creatures vanquished

Notes
Turn   | Place    | Note
-------+----------+-------------------------------------------
     0 | D:1      | Midn8 the Felid Summoner began the quest for the Orb.
     0 | D:1      | Reached XP level 1. HP: 7/7 MP: 4/4
   364 | D:1      | Reached XP level 2. HP: 11/11 MP: 3/6
   487 | D:1      | Learned a level 2 spell: Call Imp
  1227 | D:2      | Identified the orb of Indemnity {guile, rCorr Dex+3}
  1550 | D:2      | Found a faded altar of an unknown god.
  1695 | D:3      | Found a runed translucent door.
  1797 | D:3      | Reached skill level 5 in Summonings
  1832 | D:3      | Noticed Jessica
  1839 | D:3      | Killed Jessica
  1840 | D:3      | Reached XP level 3. HP: 13/14 MP: 2/7
  1967 | D:2      | Learned a level 3 spell: Call Canine Familiar
  2096 | D:3      | Noticed Natasha
  2221 | D:3      | Reached XP level 4. HP: 18/18 MP: 8/8
  2233 | D:3      | Killed Natasha
  2317 | D:3      | Reached skill level 6 in Summonings
  2341 | D:3      | Noticed Palms's ghost (weakling DEFE)
  2369 | D:3      | Noticed Natasha
  2417 | D:3      | Killed Natasha
  2418 | D:3      | Reached XP level 5. HP: 14/21 MP: 2/9
  2570 | D:3      | Noticed Natasha
  2580 | D:3      | Killed Natasha
  2774 | D:3      | Reached skill level 7 in Summonings
  2898 | D:3      | Found Itteakhly's Assorted Antiques.
  3219 | D:3      | Gained mutation: You are covered in thick fur. (AC +2)
                  | [Felid growth]
  3219 | D:3      | Reached XP level 6. HP: 23/24 MP: 11/11
  3385 | D:3      | Bought a scroll labelled BEATOJORUM for 26 gold pieces
  3385 | D:3      | Bought a green potion for 23 gold pieces
  3726 | D:4      | Found a sand-covered staircase.
  3763 | Ossuary  | Entered an ossuary
  4195 | Ossuary  | Reached XP level 7. HP: 30/30 MP: 9/14
  4288 | D:4      | Identified a scroll of acquirement
  4872 | D:5      | Entered Level 5 of the Dungeon
  5058 | D:4      | Slain by a gnoll
  5059 | D:4      | Reached XP level 6. HP: -4/28 MP: 13/13
  5460 | D:5      | Killed from afar by an orc wizard
  5461 | D:5      | Reached XP level 5. HP: -4/24 MP: 7/12
  5461 | D:5      | Found Butsut's Book Emporium.
  5461 | D:5      | Quit the game

Illustrated notes

Levels and vault maps discovered:
D:1:      spicycebolla_green_bress_n_ham, layout_loops_ring
D:2:      layout_loops_cross, shapermc_ecumenical_altar_flowoftime
D:3:      layout_basic, serial_shops, nicolae_shop_trees, ebering_ghost_sewer_d,
          interstate_on_off, minmay_rat_hole, uniq_jessica, uniq_natasha
D:4:      layout_rooms, enter_ossuary_4
D:5:      layout_rooms, serial_shops, nicolae_shop_statue_plus,
          nicolae_shop_pleasant_corner_grove, serial_corexii_hall,
          corexii_hall_statues_t, corexii_hall_statues_s

Skill      XL: |  1  2  3  4  5  6  7 |
---------------+----------------------+-----
Summonings     | 5 6 7 |  7.0
Spellcasting   | 4 |  4.0
Fighting       | 2 3 |  3.3
Dodging        | |  2.6
Stealth        | |  2.6

Action                     |  1- 3 |  4- 6 |  7- 9 || total
---------------------------+-------+-------+-------++-------
  Melee: Unarmed           |    22 |    32 |     3 ||    57
         Bite              |     3 |     5 |     1 ||     9
         Punch             |       |     1 |       ||     1
   Cast: Summon Small Mamm |    38 |    29 |     5 ||    72
         Call Imp          |    12 |    24 |     6 ||    42
         Call Canine Famil |     3 |    24 |     7 ||    34
    Use: Scroll            |     1 |     1 |     4 ||     6
   Stab: Sleeping          |     2 |     3 |       ||     5
 Armour: Skin              |     2 |     4 |       ||     6
  Dodge: Dodged            |    31 |    32 |    19 ||    82

Table legend: (Time is in decaauts)
 A = Elapsed time spent in this place.
 B = Non-inter-level travel time spent in this place.
 C = Inter-level travel time spent in this place.
 D = Time resting spent in this place.
 E = Time spent auto-exploring this place.
 F = Levels seen in this place.
 G = Mean time per level.
                   A        B        C        D        E       F      G
               +--------+--------+--------+--------+--------+-----+--------+
         Total |   4876 |   4666 |    210 |   1761 |   1464 |   6 |  812.7 |
       Dungeon |   4455 |   4245 |    210 |   1649 |   1445 |   5 |  891.0 |
       Ossuary |    421 |    421 |      0 |    112 |     19 |   1 |  421.0 |
               +--------+--------+--------+--------+--------+-----+--------+

Top non-repeatable levels by time:
     D:3: 1513 daAuts
     D:4: 1134 daAuts
     D:2: 882 daAuts
     D:1: 812 daAuts
 Ossuary: 421 daAuts
     D:5: 112 daAuts
